 Dungeon Crawl Stone Soup version 0.30-a0-867-g305f33218d (webtiles) character file.

Game seed: 16817943059019635323

593 cheesebisquit the Grave Robber (level 7, 0/46 HPs)
             Began as a Mummy Necromancer on Mar 10, 2023.
             Slain by a hound (3 damage)
             ... on level 5 of the Dungeon.
             The game lasted 00:29:39 (4336 turns).

cheesebisquit the Grave Robber (Mummy Necromancer)  Turns: 4336, Time: 00:29:40

Health: 0/46       AC:  6    Str: 11    XL:     7   Next: 16%
Magic:  11/15      EV: 12    Int: 19    God:
Gold:   235        SH:  0    Dex: 19    Spells: 4/17 levels left

rFire   . . .      SeeInvis .    o - +1 flail (heavy)
rCold   + . .      Faith    +    (no shield)
rNeg    + + +      Spirit   .    j - +2 robe {rF+}
rPois   ∞          Reflect  .    l - +0 helmet of the Pit {rPois Int+3 Dex+6}
rElec   .          Rampage  .    (no cloak)
rCorr   +                        (no gloves)
Will    .....                    i - +0 pair of boots
Stlth   ++                       c - amulet of magic regeneration
HPRegen 0.27/turn                f - ring of resist corrosion
MPRegen 0.54/turn                (no ring)

@: animating dead
A: cold resistance 1, negative energy resistance 3, torment resistance 2, heat
vulnerability 1, in touch with death 1, no potions, faith
a: no special abilities


You were on level 5 of the Dungeon.
You visited 1 branch of the dungeon, and saw 5 of its levels.

You collected 235 gold pieces.

Inventory:

Hand Weapons
 a - a +0 quarterstaff
 b - a +0 sling
 g - a +0 whip
 n - a +0 rapier
 o - a +1 heavy flail (weapon)
Missiles
 d - 6 poisoned darts
Armour
 i - a +0 pair of boots (worn)
 j - a +2 robe of fire resistance (worn)
 l - the +0 helmet of the Pit (worn) {rPois Int+3 Dex+6}
   (You found it on level 3 of the Dungeon)

   Int:       It affects your intelligence (+3).
   Dex:       It affects your dexterity (+6).
   rPois:     It protects you from poison.
Jewellery
 c - an amulet of magic regeneration (around neck)
 f - a ring of resist corrosion (left hand)
Scrolls
 e - 3 scrolls of teleportation
 h - 2 scrolls of identify {unknown}
 k - a scroll of enchant armour {unknown}
 m - a scroll of blinking {unknown}


   Skills:
 - Level 1.5 Dodging
 - Level 1.5 Stealth
 + Level 5.9 Spellcasting
 * Level 7.5 Necromancy


You had 4 spell levels left.
You knew the following spells:

 Your Spells              Type           Power      Damage    Failure   Level
a - Necrotise             Necr           100%       1d9       1%          1
b - Vampiric Draining     Necr           51%        2d9       1%          3
c - Animate Dead          Necr           51%        N/A       4%          4
d - Agony                 Necr           51%        N/A       14%         5

Your spell library contained the following spells:

 Spells                   Type           Power      Damage    Failure   Level
 Chain Lightning          Conj/Air       2%         3d3       100%        9
 Fire Storm               Conj/Fire      2%         8d1       100%        9
 Shatter                  Erth           2%         3d6*      100%        9


Dungeon Overview and Level Annotations

Branches:
Dungeon (5/15)             Temple (0/1) D:5

Altars:
Okawaru
Qazlal

Shops:
D:5 *

Annotations:
D:3 1 runed translucent door, Crazy Yiuf


Innate Abilities, Weirdness & Mutations

You are immune to poison.
Your flesh is cold resistant. (rC+)
You are immune to negative energy. (rN+++)
You are immune to unholy pain and torment.
You are vulnerable to heat. (rF-)
You are in touch with the powers of death.
You do not drink.
You have a special connection with the divine. (Faith)


Message History

Found 7 gold pieces.
Found a robe.
Found a staircase to the Ecumenical Temple.
You now have 235 gold pieces (gained 7).
There is a staircase to the Ecumenical Temple here.
Found 2 brown potions.
You see here 2 brown potions.
An ogre comes into view. It is wielding a +0 giant club.
The ogre shouts!
A hound comes into view.
Casting: Necrotise (safe; 1% risk of failure)
Confirm with . or Enter, or press ? or * to list all spells.
You can't see any susceptible monsters within range! (Use Z to cast anyway.)
Casting: Necrotise (safe; 1% risk of failure)
Confirm with . or Enter, or press ? or * to list all spells.
You feel a surge of power!
You dismiss your zombies and call upon the dead to rise afresh.
Your orc priest zombie crumbles into dust!
Your orc zombie crumbles into dust!
You feel a surge of power!
The ogre barely resists.
The ogre hits you with a +0 giant club!!
Ouch! That really hurt!
You are too injured to fight recklessly!
Aiming: Necrotise (safe; 1% risk of failure)
Press: ? - help, Q - select action, (/) - cycle Shift-Dir - straight line, f/p - ogre
Aim: an ogre, wielding a +0 giant club (chance to affect: 83%)
You feel a surge of power!
The ogre writhes in agony.
The ogre closely misses you. The hound attacks as you move away!
The hound completely misses you. The hound bites you but does no damage.
The ogre attacks as you move away! The ogre hits you with a +0 giant club!
* * * LOW HITPOINT WARNING * * *
You can't drink.
Okay, then.
Aiming: Necrotise (safe; 1% risk of failure)
Press: ? - help, Q - select action, (/) - cycle Shift-Dir - straight line, f - hound, p - ogre
Aim: a hound (chance to affect: 88%)
You feel a surge of power!
The hound writhes in agony.
The hound bites you.
You die...

######
##....##
####......
#........#
#....O.#
...###h## ##@#
##..# #..##
###.## #
###...# #####
#.!.###
#.Z.######.###
.Z8..Z..##.#
#...###.##.#


You could see an ogre and a hound.

Vanquished Creatures
  2 scorpions
  3 hounds (D:5)
  A gnoll bouda (D:5)
  An orc priest (D:5)
  Jessica (D:3)
  2 iguanas (D:4)
  A sleepcap (D:5)
  3 gnolls (D:5)
  9 adders
  An ufetubus (D:5)
  A worm (D:2)
  3 dart slugs
  8 orcs
  5 bats
  5 endoplasms
  4 giant cockroaches
  5 goblins
  6 hobgoblins
  6 kobolds
  7 quokkas
  7 ball pythons
  6 frilled lizards
  A goblin zombie (D:4)
  3 hobgoblin zombies (D:4)
  2 kobold skeletons (D:4)
  A kobold zombie (D:4)
  2 orc zombies (D:4)
  7 rats
103 creatures vanquished.

Vanquished Creatures (collateral kills)
  2 endoplasms
  A giant cockroach (D:4)
  A kobold (D:1)
  A quokka (D:1)
  2 ball pythons
  A frilled lizard (D:2)
  A goblin skeleton (D:4)
  A kobold zombie (D:4)
  An orc skeleton (D:4)
11 creatures vanquished.

Vanquished Creatures (others)
  An orc zombie (D:5)
1 creature vanquished.

Grand Total: 115 creatures vanquished

Notes
Turn   | Place    | Note
-------+----------+-------------------------------------------
     0 | D:1      | cheesebisquit the Mummy Necromancer began the quest for the
                  | Orb.
     0 | D:1      | Reached XP level 1. HP: 13/13 MP: 4/4
   289 | D:1      | Reached XP level 2. HP: 19/19 MP: 1/6
   667 | D:1      | Gained mutation: You are in touch with the powers of death.
                  | [Mummy growth]
   667 | D:1      | Reached XP level 3. HP: 24/24 MP: 5/7
  1173 | D:2      | Reached skill level 5 in Necromancy
  1303 | D:2      | Reached XP level 4. HP: 30/30 MP: 7/9
  1324 | D:2      | Learned a level 3 spell: Vampiric Draining
  1329 | D:2      | Learned a level 4 spell: Animate Dead
  1702 | D:2      | Identified the +1 robe "Feunwipp" {rF+ Int-5 SInv}
  2086 | D:3      | Found a stormy altar of Qazlal.
  2123 | D:3      | Noticed Jessica
  2124 | D:3      | Killed Jessica
  2125 | D:3      | Reached XP level 5. HP: 35/35 MP: 9/11
  2229 | D:3      | Identified the +0 helmet of the Pit {rPois Int+3 Dex+6}
  2480 | D:3      | Found a runed translucent door.
  2481 | D:3      | Noticed Crazy Yiuf
  2845 | D:4      | Reached skill level 6 in Necromancy
  2994 | D:4      | Learned a level 5 spell: Agony
  3139 | D:4      | Reached skill level 5 in Spellcasting
  3139 | D:4      | Reached XP level 6. HP: 41/41 MP: 10/13
  3876 | D:5      | Entered Level 5 of the Dungeon
  3891 | D:5      | Found Igaigh's Elemental Accessories.
  3918 | D:5      | HP: 2/41 [gnoll/+0 flail[a gnoll bouda] (3)]
  4044 | D:5      | Reached skill level 7 in Necromancy
  4084 | D:5      | Reached XP level 7. HP: 42/46 MP: 10/15
  4260 | D:5      | Found an iron altar of Okawaru.
  4290 | D:5      | Found a staircase to the Ecumenical Temple.
  4336 | D:5      | Slain by a hound

Illustrated notes

Levels and vault maps discovered:
D:1:      wander_arrival_abandoned_jail, layout_loops_ring,
          minmay_misc_feat_tiny
D:2:      layout_basic, minmay_mini_jars
D:3:      layout_loops_ring, nicolae_qazlal_eye_of_the_storm, nrook_mini_vaults,
          uniq_crazy_yiuf_cottage, uniq_jessica
D:4:      layout_loops_ring, nicolae_tso_besieged_by_evil
D:5:      layout_rooms, lemuel_tele_altar, mainiacjoe_overflow_catwalk,
          minmay_temple_entry_antechambers, grunt_ministairs_15,
          nicolae_elemental_shop

Skill      XL: |  1  2  3  4  5  6 |
---------------+-------------------+-----
Spellcasting   | 3 4 5 |  5.9
Necromancy     | 5 6 7 |  7.5
Dodging        | |  1.5
Stealth        | |  1.5

Action                     |  1- 3 |  4- 6 |  7- 9 || total
---------------------------+-------+-------+-------++-------
  Melee: Unarmed           |     4 |       |       ||     4
         Whip              |       |   109 |       ||   109
         Quarterstaff      |       |    56 |     5 ||    61
         Punch             |       |     2 |       ||     2
   Fire: Sling             |       |    84 |       ||    84
  Throw: Dart              |       |     6 |       ||     6
   Cast: Necrotise         |    75 |    98 |    21 ||   194
         Vampiric Draining |       |     5 |       ||     5
         Animate Dead      |       |       |     2 ||     2
    Use: Scroll            |       |     1 |       ||     1
 Armour: Robe              |     2 |   123 |     8 ||   133
  Dodge: Dodged            |     9 |   184 |    19 ||   212

Table legend: (Time is in decaauts)
 A = Elapsed time spent in this place.
 B = Non-inter-level travel time spent in this place.
 C = Inter-level travel time spent in this place.
 D = Time resting spent in this place.
 E = Time spent auto-exploring this place.
 F = Levels seen in this place.
 G = Mean time per level.
                   A        B        C        D        E       F      G
               +--------+--------+--------+--------+--------+-----+--------+
         Total |   4391 |   4221 |    170 |    120 |   2812 |   5 |  878.2 |
       Dungeon |   4391 |   4221 |    170 |    120 |   2812 |   5 |  878.2 |
               +--------+--------+--------+--------+--------+-----+--------+

Top non-repeatable levels by time:
     D:4: 1117 daAuts
     D:1: 1026 daAuts
     D:2: 973 daAuts
     D:3: 813 daAuts
     D:5: 461 daAuts
